 Dungeon Crawl Stone Soup version 0.31-a0-214-gb37851dbb3 (webtiles) character file.

Game seed: 9983804850940330330

88 qw the Shooter (level 4, 0/26 HPs)
             Began as a Gargoyle Hexslinger on July 1, 2023.
             Slain by an orc
             ... wielding a +0 hand axe
              (5 damage)
             ... on level 3 of the Dungeon.
             The game lasted 00:00:50 (1652 turns).

qw the Shooter (Gargoyle Hexslinger)                Turns: 1652, Time: 00:00:50

Health: 0/26       AC:  8    Str: 11    XL:     4   Next: 54%
Magic:  5/5        EV: 10    Int: 14    God:
Gold:   131        SH:  0    Dex: 14    Spells: 4/5 levels left

rFire   . . .        Y - +1 sling
rCold   . . .        (no shield)
rNeg    + . .        g - +0 ring mail
rPois   inf          (no helmet)
rElec   +            (no cloak)
rCorr   .            (no gloves)
SInv    .            (no boots)
Will    .....        f - amulet of faith
Stlth   +            (no ring)
HPRegen 0.24/turn    (no ring)
MPRegen 0.09/turn

%: faith
@: about to teleport
A: sickness immunity, AC +3, negative energy resistance 1, electricity
resistance, torment resistance 1, petrification resistance
a: no special abilities


You were on level 3 of the Dungeon.
You visited 1 branch of the dungeon, and saw 3 of its levels.

You collected 131 gold pieces.


Innate Abilities, Weirdness & Mutations

You are immune to sickness and miasma.
Your stone body is resilient. (AC +3)
You are immune to poison.
You resist negative energy. (rN+)
You are resistant to electric shocks. (rElec)
You are resistant to unholy torment.
You are immune to petrification.


   Skills:
 - Level 2.0 Fighting
 - Level 4.3 Ranged Weapons
 + Level 0.1 Armour
 - Level 1.5 Dodging
 - Level 1.0 Spellcasting
 - Level 2.6 Hexes


You had 4 spell levels left.
You knew the following spells:

 Your Spells              Type           Power      Damage    Failure   Level
a - Slow                  Hex            32%        N/A       22%         1

Your spell library contained the following spells:

 Spells                   Type           Power      Damage    Failure   Level
 Inner Flame              Hex/Fire       4%         N/A       73%         3
 Portal Projectile        Hex/Tloc       8%         N/A       73%         3
 Cause Fear               Hex            4%         N/A       91%         4

Inventory:

Hand Weapons
 Y - a +1 sling (weapon)
Armour
 g - a +0 ring mail (worn)
Jewellery
 f - an amulet of faith (around neck)
Scrolls
 a - 2 scrolls of teleportation
 b - a scroll of identify
Potions
 c - a potion of berserk rage {unknown}
 d - a potion of degeneration {unknown}
 e - a potion of curing {unknown}
 h - a potion of mutation {unknown}
 i - a potion of haste {unknown}
 j - a potion of invisibility {unknown}

Dungeon Overview and Level Annotations

Branches:
Dungeon (3/15)

Altars:
Zin

Annotations:
D:3 1 runed translucent door, qw's ghost, amateur MiHs


Message History

You shoot a sling bullet.
The sling bullet closely misses the orc.
You shoot a sling bullet.
The sling bullet hits the orc but does no damage.
You shoot a sling bullet. The sling bullet hits the orc.
The orc is lightly wounded.
The orc closely misses you. The orc hits you but does no damage.
You shoot a sling bullet.
The sling bullet closely misses the orc.
The orc hits you but does no damage.
The orc priest hits you but does no damage.
You shoot a sling bullet. The sling bullet barely misses the orc.
The orc priest hits you but does no damage.
The orc barely misses you.
You shoot a sling bullet. The sling bullet hits the orc.
The orc is heavily wounded.
The orc hits you but does no damage.
The orc priest mumbles some strange prayers to Beogh against you.
Pain shoots through your body! The orc completely misses you.
The orc priest hits you but does no damage.
You shoot a sling bullet.
The sling bullet closely misses the orc.
The orc priest hits you but does no damage.
The orc hits you with a +0 hand axe.
You shoot a sling bullet.
The sling bullet hits the orc but does no damage.
The orc is heavily wounded.
The orc hits you with a +0 hand axe.
The orc priest hits you but does no damage.
1651 ||| READING 3 scrolls of teleportation.
As you read the scroll of teleportation, it crumbles to dust.
You feel strangely unstable.
The orc priest hits you but does no damage.
The orc hits you with a +0 hand axe.
You shoot a sling bullet. The sling bullet hits the orc.
The orc is severely wounded.
The orc hits you but does no damage. The orc priest barely misses you.
Qw's ghost screams, "Don't try to defend!
You have no chance!"
The orc hits you with a +0 hand axe.
You die...

#.... ####.##.#
#....# #..#.## #
...#.## ##.#..## #
#..# ##.....## #
#..# ##.......###
#..# ##...###....<
#..###...##}##...#
#.......##...##...
#@###..##..!..##..
#oo.....+W..7..}#..
#...###..##..?..##..
#..## #...##...##...
..# #....##}##....
... ##....###.. .#.P
###...... ##...
.....


You could see an orc priest, qw's ghost and an orc.

Vanquished Creatures
  An orc wizard (D:3)
  An adder (D:3)
  A worm (D:2)
  6 ball pythons
  3 bats
  4 endoplasms
  2 giant cockroaches
  8 goblins
  2 hobgoblins
  4 jackals (D:2)
  A quokka (D:2)
  5 frilled lizards
  5 kobolds
  8 rats
51 creatures vanquished.

Notes
Turn   | Place    | Note
-------+----------+-------------------------------------------
     0 | D:1      | qw the Gargoyle Hexslinger began the quest for the Orb.
     0 | D:1      | Reached XP level 1. HP: 12/12 MP: 2/2
     0 | D:1      | 0 ||| qw: Version: 0.3-a-32-g5962c71
     0 | D:1      | 0 ||| qw: Game counter: 7647
     0 | D:1      | 0 ||| qw: Melee chars always use a shield: true
     0 | D:1      | 0 ||| qw: God list: Okawaru
     0 | D:1      | 0 ||| qw: Allow faded altars: false
     0 | D:1      | 0 ||| qw: Do Orc after clearing Dungeon:15 true
     0 | D:1      | 0 ||| qw: Do second Lair branch before Depths: true
     0 | D:1      | 0 ||| qw: Lair rune preference: random
     0 | D:1      | 0 ||| qw: Goals: Normal
     0 | D:1      | 0 ||| PLANNING D:1-11
   106 | D:1      | Reached XP level 2. HP: 16/16 MP: 3/3
   190 | D:1      | Reached skill level 3 in Ranged Weapons
   335 | D:1      | 335 ||| UPGRADING to amulet of faith.
   707 | D:1      | 707 ||| READING 2 scrolls labelled QYH GUITYNEROIDO.
   710 | D:1      | 710 ||| READING scroll labelled PYABOYSAIT.
   711 | D:1      | 711 ||| READING scroll labelled KAYBE GOWORPHA.
   712 | D:1      | 712 ||| DROPPING scroll of poison.
   745 | D:2      | Reached XP level 3. HP: 20/21 MP: 4/4
  1371 | D:2      | 1371 ||| UPGRADING to +0 ring mail.
  1381 | D:2      | 1381 ||| DROPPING +0 robe.
  1382 | D:2      | 1382 ||| READING 2 scrolls labelled RAR ITOB FOSHRAY.
  1397 | D:3      | Noticed qw's ghost (amateur MiHs)
  1462 | D:3      | Found a glowing silver altar of Zin.
  1462 | D:3      | Noticed an angel
  1507 | D:3      | Reached XP level 4. HP: 23/26 MP: 5/5
  1543 | D:3      | Found a runed translucent door.
  1617 | D:3      | Reached skill level 4 in Ranged Weapons
  1650 | D:3      | HP: 6/26 [orc/+0 hand axe (3)]
  1651 | D:3      | 1651 ||| READING 3 scrolls of teleportation.
  1652 | D:3      | Slain by an orc

Levels and vault maps discovered:
D:1:      scummos_arrival_gate, layout_basic, serial_bayou_lagoon_a
D:2:      layout_loops_ring, moated_statue, kennysheep_crisscross,
          minmay_split_cup_small
D:3:      layout_rooms, zin_angel, fedhas_altar_1,
          hellmonk_ghost_happy_afterlife

Skill      XL: |  1  2  3  4 |
---------------+-------------+-----
Ranged Weapons | 3 4 |  4.3
Fighting       | 2 |  2.0
Armour         | |  0.1
Dodging        | |  1.5
Spellcasting   | |  1.0
Hexes          | |  2.6

Action                     |  1- 3 |  4- 6 || total
---------------------------+-------+-------++-------
   Fire: Sling             |   163 |    37 ||   200
    Use: Scroll            |     4 |     1 ||     5
 Armour: Robe              |    33 |       ||    33
         Ring mail         |    10 |    23 ||    33
  Dodge: Dodged            |    57 |    13 ||    70

Table legend:
 A = Non-vault XP
 B = Vault XP
 C = Vault XP percentage of total XP
 D = Non-vault monster count
 E = Vault monster count
 F = Vault count percentage of total count
                 A         B        C        D         E       F
            +---------+---------+-------+---------+---------+-------
      Total |     124 |       3 |   2.4 |      48 |       3 |   5.9
            +---------+---------+-------+---------+---------+-------
        D:1 |      32 |       0 |   0.0 |      21 |       0 |   0.0
        D:2 |      32 |       3 |   8.6 |      19 |       3 |  13.6
        D:3 |      60 |       0 |   0.0 |       8 |       0 |   0.0
            +---------+---------+-------+---------+---------+-------
